 Dungeon Crawl Stone Soup version 0.28.0-53-g5a82cb258f (webtiles) character file.

Game seed: 7745161369552434967

156 GigaChad the Slasher (level 5, 0/45 HPs)
             Began as a Minotaur Gladiator on Aug 22, 2022.
             Slain by a water moccasin skeleton (4 damage)
             ... on level 4 of the Dungeon.
             The game lasted 00:06:05 (2681 turns).

GigaChad the Slasher (Minotaur Gladiator)           Turns: 2681, Time: 00:06:05

Health: 0/45       AC:  6    Str: 20    XL:     5   Next: 15%
Magic:  4/4        EV: 11    Int:  5    God:
Gold:   149        SH:  0    Dex: 12    Spells: 4/4 levels left

rFire   . . .      SeeInvis .   a - +0 long sword
rCold   . . .      Faith    .   (no shield)
rNeg    . . .      Spirit   .   o - +0 scale mail
rPois   .          Reflect  .   c - +0 hat
rElec   .          Harm     .   (no cloak)
rCorr   .          Rampage  .   (no gloves)
Will    .....                   (no boots)
Stlth   ..........              (no amulet)
HPRegen 0.15/turn               (no ring)
MPRegen 0.09/turn               (no ring)

@: no status effects
A: horns 2, retaliatory headbutt
a: no special abilities


You were on level 4 of the Dungeon.
You visited 2 branches of the dungeon, and saw 5 of its levels.

You collected 149 gold pieces.

Inventory:

Hand Weapons
 a - a +0 long sword (weapon)
Missiles
 d - 3 throwing nets (quivered)
Armour
 b - a +0 leather armour
 c - a +0 hat (worn)
 o - a +0 scale mail (worn)
Jewellery
 p - a ring of poison resistance
Wands
 j - a wand of flame (18)
Scrolls
 h - a scroll of blinking {unknown}
 i - 2 scrolls of identify {unknown}
 k - a scroll of brand weapon {unknown}
 m - 2 scrolls of teleportation {unknown}
 n - a scroll of summoning {unknown}
 q - a scroll of fog {unknown}
 r - a scroll of noise {unknown}
 s - a scroll of enchant weapon {unknown}
Potions
 e - a potion of flight {unknown}
 f - 2 potions of degeneration {unknown}
 g - a potion of mutation {unknown}
 l - a potion of curing {unknown}


   Skills:
 + Level 3.1 Fighting
 + Level 5.2 Long Blades
 + Level 2.3 Throwing
 + Level 2.3 Armour
 + Level 4.1 Dodging
 + Level 0.4 Stealth


You had 4 spell levels left.
You didn't know any spells.
Your spell library contained the following spells:

 Spells                   Type           Power      Damage    Failure   Level
 Sublimation of Blood     Necr           0%         N/A       93%         2
 Petrify                  Tmut/Erth      0%         N/A       100%        4
 Irradiate                Conj/Tmut      0%         3d14      100%        5


Dungeon Overview and Level Annotations

Branches:
Dungeon (4/15)             Temple (1/1) D:4

Altars:
Cheibriados
Dithmenos
Elyvilon
Fedhas
Gozag
Hepliaklqana
Kikubaaqudgha
Makhleb
Nemelex Xobeh
Okawaru
Qazlal
Ru
Sif Muna
Trog
Uskayaw
Vehumet
Wu Jian
Xom
Yredelemnul
Zin
The Shining One

Shops:
D:4 *


Innate Abilities, Weirdness & Mutations

You have a pair of horns on your head.
You reflexively headbutt those who attack you in melee.


Message History

You barely miss something. Your headbutt misses something.
The hound skeleton bites you.
You hear some strange, mumbled words.
A magic dart appears from out of thin air!
The magic dart hits you!
* * * LOW HITPOINT WARNING * * *
You closely miss something. Your headbutt misses something.
The hound skeleton bites you but does no damage.
Something hits you.
* * * LOW HITPOINT WARNING * * *
The hound skeleton bites you but does no damage.
You slash something!
Reactivating autopickup.
You feel a bit more experienced.
The hound skeleton bites you but does no damage.
You have reached level 5!
The hound skeleton misses you.
You slash the hound skeleton!
The hound skeleton is heavily damaged.
The hound skeleton closely misses you.
You barely miss the hound skeleton.
Your headbutt misses the hound skeleton.
The hound skeleton is heavily damaged.
The hound skeleton closely misses you. The hound skeleton barely misses you.
You furiously retaliate!
You headbutt the hound skeleton. You closely miss the hound skeleton.
The hound skeleton is severely damaged.
The hound skeleton bites you but does no damage.
You hit the hound skeleton.
The hound skeleton is almost destroyed.
The hound skeleton barely misses you. x2; You furiously retaliate!
You headbutt the hound skeleton.
You destroy the hound skeleton!
The water moccasin skeleton closely misses you.
You barely miss the water moccasin skeleton.
The water moccasin skeleton closely misses you.
You slash the water moccasin skeleton!
The water moccasin skeleton is moderately damaged.
The water moccasin skeleton bites you.
You die...

...............#
#.# ##.##....# #.#
#.# .......... ..#
#.# #..#....# #.#
##.# #..#...!# #.#
#..# ##.......###.#
#..# .............#
#..#
.......Z.....###).#
.......@..)...))..#
............####..#
...####.##### #..#
.. #.. #..# ...
#..# ..... #..#
...... ...#
...#.... .... ....


You could see a water moccasin skeleton.

Vanquished Creatures
  An orc priest (D:4)
  An orc wizard (D:4)
  2 hound skeletons (D:4)
  An ufetubus (D:4)
  2 worms
  A dart slug (D:1)
  3 orcs (D:4)
  7 bats
  5 endoplasms
  A giant cockroach (D:3)
  6 goblins
  7 hobgoblins
  3 kobolds
  6 quokkas
  6 ball pythons
  A frilled lizard (D:1)
  4 rats
57 creatures vanquished.

Notes
Turn   | Place    | Note
-------+----------+-------------------------------------------
     0 | D:1      | GigaChad the Minotaur Gladiator began the quest for the
                  | Orb.
     0 | D:1      | Reached XP level 1. HP: 18/18 MP: 0/0
    72 | D:1      | Reached XP level 2. HP: 24/25 MP: 1/1
    73 | D:1      | Reached skill level 4 in Long Blades
  1002 | D:2      | Found a faded altar of an unknown god.
  1009 | D:2      | Reached XP level 3. HP: 30/30 MP: 2/2
  1700 | D:3      | Reached skill level 1 in Armour
  2079 | D:4      | Reached XP level 4. HP: 37/37 MP: 3/3
  2115 | D:4      | Found Luacko Guyth's Neck Hole.
  2176 | D:4      | Found an ornate altar of the Wu Jian Council.
  2241 | D:4      | Found a staircase to the Ecumenical Temple.
  2277 | Temple   | Entered the Ecumenical Temple
  2652 | D:4      | Reached skill level 5 in Long Blades
  2670 | D:4      | Reached XP level 5. HP: 2/45 MP: 4/4
  2681 | D:4      | Slain by a water moccasin skeleton

Illustrated notes

Levels and vault maps discovered:
D:1:      dpeg_arrival_lava_temple_mockup, layout_rooms
D:2:      layout_rooms, basic_ecumenical_altar, minmay_diced_spiral
D:3:      layout_rooms, chequers_avenue
D:4:      minmay_razor_zed, layout_basic, pdpol_wu_jian_five_deadly_venoms,
          minmay_temple_entry_statues, serial_bayou_pond_e, minmay_statues_item,
          nicolae_shop_sticking_my_neck_out
Temple:   mainiacjoe_temple_cubbyholes

Skill      XL: |  1  2  3  4 |
---------------+-------------+-----
Long Blades    | 4 5 |  5.2
Armour         | 1 2 |  2.3
Dodging        | 4 |  4.1
Fighting       | 3 |  3.1
Throwing       | |  2.3
Stealth        | |  0.4

Action                   |  1- 3 |  4- 6 || total
-------------------------+-------+-------++-------
Melee: Long sword        |    68 |    27 ||    95
       Headbutt          |    10 |     4 ||    14
Armor: Leather armour    |    27 |       ||    27
       Scale mail        |    10 |    20 ||    30
Dodge: Dodged            |    76 |    21 ||    97
